 Dungeon Crawl Stone Soup version 0.26-b1-32-g5d43845318 (webtiles) character file.

Game seed: 14193683358630483089

4280 Borgoz the Basher (level 10, -3/63 HPs)
             Began as a Gargoyle Berserker on Jan 11, 2021.
             Was a High Priest of Trog.
             Slain by an orc warrior
             ... wielding a +0 battleaxe
              (16 damage)
             ... on level 8 of the Dungeon.
             The game lasted 00:09:24 (7306 turns).

Borgoz the Basher (Gargoyle Berserker)              Turns: 7306, Time: 00:09:25

Health: -3/63      AC: 13    Str: 29    XL:     10   Next: 32%
Magic:  10/10      EV: 16    Int: 14    God:    Trog [*****.]
Gold:   501        SH:  0    Dex: 15    Spells: 9/9 levels left

rFire    + . .     SeeInvis +   r - +2 whip (elec)
rCold    . . .     Faith    .   (no shield)
rNeg     + . .     Spirit   .   q - +0 robe of Cowardice {Str+8 Dex+3} (curse)
rPois    ∞         Reflect  .   h - +0 helmet
rElec    +         Harm     .   i - +0 cloak (curse)
rCorr    .         Rampage  .   u - +0 pair of gloves
Will     .....                  (no boots)
Stlth    +.........             (no amulet)
HPRegen  0.20/turn              k - ring of see invisible
MPRegen  0.12/turn              s - ring of the Exiled Mouths {rF+ Int+6}

@: about to teleport
A: negative energy resistance 1, electricity resistance, unbreathing,
petrification resistance, miasma immunity, AC +7
a: Renounce Religion, Berserk, Trog's Hand, Brothers in Arms


You were on level 8 of the Dungeon.
You worshipped Trog.
Trog was extremely pleased with you.
You visited 2 branches of the dungeon, and saw 9 of its levels.

You collected 501 gold pieces.

Inventory:

Hand Weapons
 m - a +2 flail of holy wrath
 r - a +2 whip of electrocution (weapon)
Armour
 h - a +0 helmet (worn)
 i - a cursed +0 cloak (worn)
 q - the cursed +0 robe of Cowardice (worn) {Str+8 Dex+3}
   (You took it off an orc on level 4 of the Dungeon)

   It affects your strength (+8).
   It affects your dexterity (+3).
   It has a curse placed upon it.
 u - a +0 pair of gloves (worn)
 y - the +0 ring mail of Tomorrow {-Cast rN+++ Str+2 SInv}
   (You found it on level 6 of the Dungeon)

   It affects your strength (+2).
   It renders you almost immune to negative energy.
   It lets you see invisible.
   It prevents spellcasting.
Jewellery
 k - a ring of see invisible (left hand)
 s - the ring of the Exiled Mouths (right hand) {rF+ Int+6}
   (You found it on level 4 of the Dungeon)

   [ring of intelligence]

   It affects your intelligence (+6).
   It protects you from fire.
 x - an uncursed ring of resist corrosion
Wands
 A - a wand of acid (2)
 D - a wand of random effects (19)
Scrolls
 e - a scroll of fog {unknown}
 j - 3 scrolls of remove curse
 l - a scroll of blinking {unknown}
 n - a scroll of amnesia {unknown}
 o - a scroll of teleportation
 p - 2 scrolls of fear {unknown}
 v - a scroll of enchant weapon {unknown}
 B - a scroll of enchant armour {unknown}
 C - 2 scrolls of identify
Potions
 a - a potion of haste
 b - a potion of lignification {unknown}
 c - 3 potions of might
 d - 2 potions of curing
 f - a potion of resistance
 g - 4 potions of heal wounds
 t - a potion of invisibility {unknown}
 w - a potion of flight
 z - 2 potions of cancellation {unknown}


   Skills:
 + Level 7.5 Fighting
 * Level 9.3 Maces & Flails
 + Level 7.0 Armour
 * Level 6.8 Dodging


You had 9 spell levels left.
You didn't know any spells.
Your spell library was empty.

Dungeon Overview and Level Annotations

Branches:
Dungeon (8/15)             Temple (1/1) D:7
   Lair: D:8-11

Altars:
Ashenzari
Dithmenos
Fedhas
Hepliaklqana
Kikubaaqudgha
Makhleb
Nemelex Xobeh
Okawaru
Qazlal
Ru
Sif Muna
Trog
Uskayaw
Vehumet
Wu Jian
Xom
Yredelemnul
Zin
The Shining One
Beogh
Lugonu


Innate Abilities, Weirdness & Mutations

You are resistant to torment.
Your stone body is resilient. (AC +7)
You are immune to poison.
You resist negative energy. (rN+)
You are resistant to electric shocks. (rElec)
You can survive without breathing.
You are immune to petrification.
You are immune to miasma.


Message History

The orc warrior hits you with a +0 battleaxe!
* * * LOW HITPOINT WARNING * * *
The troll completely misses you. The troll claws you.
* * * LOW HITPOINT WARNING * * *
The troll closely misses you. The kobold hits you but does no damage.
The orc closely misses you.
You whack the kobold!
You kill the kobold!
Trog accepts your kill. The wolf bites you but does no damage.
The orc closely misses you.
The big kobold hits you but does no damage.
The adder skeleton bites you but does no damage.
As you read the scroll of teleportation, it crumbles to dust.
You feel strangely unstable. The wolf bites you but does no damage.
A water moccasin comes into view.
The wolf bites you but does no damage. The troll barely misses you.
The troll claws you but does no damage. The troll misses you.
The orc hits you but does no damage.
The orc warrior hits you with a +0 battleaxe!
You die...

..........#.....
#............#.....
#..................
#.................. .
#.....#...[........ ..#
#..................
....##.Z...#............
......KoK...............
#.Ko@h......)........
....#.Tohh..........>...
.......h.............#..
.....................#..
≈.≈≈..≈≈...........#.#
≈.≈≈≈....####..##..###
≈.≈≈≈≈≈≈.# #.S....#
≈.≈≈≈≈.$.. .......#


You could see a troll, an orc warrior, a water moccasin (wandering), a big
kobold, 2 wolves, 2 hounds, 2 orcs, 2 kobolds and an adder skeleton.

Vanquished Creatures
  An unseen horror (D:6)
  Prince Ribbit (D:5)
  4 yaks (D:7)
  A steam dragon (D:6)
  An acid dragon (D:6)
  Duvessa (D:7)
  An ice beast (D:6)
  2 orc warriors (D:7)
  5 ogres
  3 centaurs
  4 bullfrogs
  Dowan (D:7)
  A scorpion (D:6)
  A water moccasin skeleton (D:3)
  6 killer bees (D:7)
  3 wights (D:6)
  A crimson imp (D:7)
  2 hounds
  Crazy Yiuf (D:2)
  3 orc priests
  8 orc wizards
  Jessica (D:2)
  3 iguanas
  3 worker ants
  2 hound zombies (D:6)
  2 hound skeletons
  Robin (D:2)
  7 adders
  A shadow imp (D:6)
  2 white imps (D:5)
  An ufetubus (D:8)
  2 adder skeletons
  An adder zombie (D:5)
  3 worms
  2 dart slugs (D:1)
  4 leopard geckos
  37 orcs
  6 bats
  5 giant cockroaches
  12 goblins
  10 hobgoblins
  2 jackals (D:7)
  4 quokkas
  A ball python (D:5)
  6 frilled lizards
  8 kobolds
  2 quokka skeletons
  7 rats
186 creatures vanquished.

Notes
Turn   | Place    | Note
-------+----------+-------------------------------------------
     0 | D:1      | Borgoz the Gargoyle Berserker began the quest for the Orb.
     0 | D:1      | Reached XP level 1. HP: 14/14 MP: 1/1
    37 | D:1      | Reached XP level 2. HP: 13/19 MP: 2/2
   784 | D:1      | Reached XP level 3. HP: 23/23 MP: 3/3
   796 | D:1      | Reached ** piety under Trog
  1149 | D:2      | Noticed Jessica
  1155 | D:2      | Killed Jessica
  1167 | D:2      | Reached XP level 4. HP: 29/29 MP: 4/4
  1270 | D:2      | Noticed Robin
  1295 | D:2      | Killed Robin
  1737 | D:2      | Reached skill level 4 in Maces & Flails
  1737 | D:2      | Found a blossoming altar of Fedhas.
  1900 | D:2      | Found a sparkling altar of Nemelex Xobeh.
  1999 | D:2      | Reached XP level 5. HP: 15/33 MP: 5/5
  2216 | D:2      | Found a runed translucent door.
  2217 | D:2      | Noticed Crazy Yiuf
  2223 | D:2      | Killed Crazy Yiuf
  2591 | D:3      | Reached XP level 6. HP: 32/38 MP: 6/6
  2956 | D:3      | Reached skill level 5 in Maces & Flails
  3063 | D:3      | Found an ancient bone altar of Kikubaaqudgha.
  3192 | D:4      | Reached *** piety under Trog
  3288 | D:4      | Reached XP level 7. HP: 30/44 MP: 7/7
  3771 | D:4      | Identified the cursed +0 robe of Cowardice {Str+8 Dex+3}
  3780 | D:4      | Reached skill level 5 in Fighting
  3883 | D:4      | Found a stormy altar of Qazlal.
  4021 | D:4      | Got a wavering bronze ring
  4022 | D:4      | Identified the ring of the Exiled Mouths {rF+ Int+6} (You
                  | found it on level 4 of the Dungeon)
  4050 | D:5      | Entered Level 5 of the Dungeon
  4058 | D:5      | Reached skill level 6 in Maces & Flails
  4297 | D:5      | Reached XP level 8. HP: 31/50 MP: 8/8
  4461 | D:5      | Found a broken altar of Ashenzari.
  4476 | D:5      | Found a bloodstained altar of Trog.
  4624 | D:5      | Reached skill level 5 in Armour
  4811 | D:5      | Noticed Prince Ribbit
  4815 | D:5      | Killed Prince Ribbit
  4816 | D:5      | Reached skill level 7 in Maces & Flails
  4825 | D:5      | Found a sacrificial altar of Ru.
  5159 | D:6      | Reached **** piety under Trog
  5288 | D:6      | Noticed an unseen horror
  5304 | D:6      | Reached skill level 5 in Dodging
  5304 | D:6      | Reached XP level 9. HP: 55/55 MP: 9/9
  5340 | D:6      | Found a transporter.
  5348 | D:6      | Found a transporter.
  5424 | D:6      | Got a spiked ring mail
  5951 | D:6      | Found a radiant altar of Vehumet.
  6032 | D:6      | Killed an unseen horror
  6033 | D:6      | Reached skill level 8 in Maces & Flails
  6396 | D:7      | Found a staircase to the Ecumenical Temple.
  6406 | Temple   | Entered the Ecumenical Temple
  6528 | D:7      | Noticed Duvessa
  6530 | D:7      | Noticed Dowan
  6536 | D:7      | Killed Duvessa
  6553 | D:7      | Killed Dowan
  6714 | D:7      | Found a shimmering altar of Xom.
  6714 | D:7      | Found a burning altar of Makhleb.
  6749 | D:7      | Found a runed translucent door.
  6806 | D:7      | Found a hide-covered altar of Uskayaw.
  7026 | D:7      | Reached XP level 10. HP: 63/63 MP: 10/10
  7031 | D:7      | Reached skill level 9 in Maces & Flails
  7058 | D:7      | Reached ***** piety under Trog
  7112 | D:7      | Identified the ring "Woga" {rElec MP+9}
  7138 | D:7      | Found a roughly hewn altar of Beogh.
  7152 | D:7      | Identified the +0 ring mail of Tomorrow {-Cast rN+++ Str+2
                  | SInv} (You found it on level 6 of the Dungeon)
  7205 | D:8      | Found a basalt altar of Yredelemnul.
  7306 | D:8      | Slain by an orc warrior

Illustrated notes

Levels and vault maps discovered:
D:1:      lightli_arrival_statuegarden, layout_rooms
D:2:      layout_loops_corners, overflow_temple_1_default,
          fedhas_ov_isle_minmay, uniq_jessica, uniq_crazy_yiuf_cottage,
          uniq_robin
D:3:      layout_rooms, marbit_many_paths
D:4:      layout_cave_pools, grunt_qazlal_sundering, serial_park,
          serial_park_tiny_2, serial_park_square2, serial_park_fountain,
          serial_park_tiny_2, serial_park_tiny_2, serial_park_tiny_2
D:5:      layout_loops_cross, lemuel_crystal_altar, cheibrodos_ashenzari_chains,
          old_standard_altar, uniq_prince_ribbit1
D:6:      layout_basic, gammafunk_temple_overflow_arena, minmay_misc_feat_tiny
D:7:      layout_basic, grunt_temple_overflow_champion_of_chaos,
          kennysheep_little_box, temple_green, lightli_church_of_beogh,
          uniq_duvessa
D:8:      layout_cave_pools, kennysheep_mini, erik_lair_island, trog_book
Temple:   corrupted_temple

Skill      XL: |  1  2  3  4  5  6  7  8  9 10 |
---------------+-------------------------------+-----
Dodging        | 2 3 5 6 |  6.8
Maces & Flails | 4 5 6 7 8 9 |  9.3
Armour         | 3 4 5 6 7 |  7.0
Fighting       | 4 5 6 7 |  7.5

Action                   |  1- 3 |  4- 6 |  7- 9 | 10-12 || total
-------------------------+-------+-------+-------+-------++-------
Melee: Mace              |    82 |   109 |       |       ||   191
       Morningstar       |       |    47 |       |       ||    47
       Flail             |       |     4 |    45 |       ||    49
       Whip              |       |       |   218 |   101 ||   319
Invok: Berserk           |     1 |     4 |     3 |       ||     8
  Use: Scroll            |       |     6 |     6 |     2 ||    14
       Potion            |       |       |       |     2 ||     2
 Stab: Sleeping          |       |     1 |     1 |       ||     2
Armor: Animal skin       |    30 |    68 |    21 |       ||   119
       Robe              |       |       |    65 |    39 ||   104
Dodge: Dodged            |    60 |   108 |   200 |    84 ||   452
